 Dungeon Crawl Stone Soup version 0.25-a0-785-gb22c70e859 (webtiles) character file.

Game seed: 1989647377124086221, levelgen mode: deterministic

360 mopl the Slasher (level 6, -2/39 HPs)
             Began as a Tengu Fighter on Apr 17, 2020.
             Was a Believer of Cheibriados.
             Slain by a gnoll
             ... wielding a +0 halberd
              (8 damage)
             ... on level 4 of the Dungeon.
             The game lasted 00:03:46 (2444 turns).

mopl the Slasher (Tengu Fighter)                    Turns: 2444, Time: 00:03:47

Health: -2/39      AC:  8    Str: 21    XL:     6   Next: 65%
Magic:  8/8        EV:  8    Int: 15    God:    Cheibriados [**....]
Gold:   149        SH: 10    Dex: 19    Spells: 5/5 levels left

rFire    . . .     SeeInvis +   a - +0 long sword
rCold    . . .     Gourm    .   c - +0 kite shield
rNeg     . . .     Faith    .   b - +0 scale mail
rPois    .         Spirit   .   (helmet restricted)
rElec    .         Reflect  .   (no cloak)
rCorr    .         Harm     .   s - +0 pair of gloves
MR       .....                  (boots unavailable)
Stlth    ..........             (no amulet)
HPRegen  0.13/turn              i - ring of see invisible
MPRegen  0.11/turn              (no ring)

@: flying quickly and evasively, very slow
A: beak, talons 3, able to fly
a: Stop Flying, Bend Time, Renounce Religion


You were on level 4 of the Dungeon.
You worshipped Cheibriados.
Cheibriados was pleased with you.
You were hungry.

You visited 1 branch of the dungeon, and saw 4 of its levels.

You collected 149 gold pieces.

Inventory:

Hand Weapons
 a - a +0 long sword (weapon)
Missiles
 p - 21 poisoned darts (quivered)
Armour
 b - a +0 scale mail (worn)
 c - a +0 kite shield (worn)
 s - a +0 pair of gloves (worn)
Jewellery
 i - a ring of see invisible (left hand)
 w - an uncursed ring of fire
Scrolls
 e - a scroll of blinking {unknown}
 h - 3 scrolls of remove curse {unknown}
 j - 2 scrolls of teleportation {unknown}
 l - a scroll of immolation {unknown}
 q - 2 scrolls of enchant armour {unknown}
 t - a scroll of enchant weapon {unknown}
Potions
 d - a potion of might
 g - a potion of heal wounds
 k - a potion of invisibility
 m - a potion of brilliance
 n - 2 potions of ambrosia
 o - a potion of curing
 r - a potion of cancellation
 v - a potion of stabbing {unknown}
Comestibles
 f - 7 rations
 u - a chunk of flesh


   Skills:
 + Level 4.4 Fighting
 * Level 5.6 Long Blades
 - Level 3.2 Armour
 - Level 3.0 Shields
 + Level 2.4 Invocations


You had 5 spell levels left.
You didn't know any spells.
Your spell library was empty.

Dungeon Overview and Level Annotations

Branches:
Dungeon (4/15)
 Temple: D:4-7

Altars:
Cheibriados
Gozag
Makhleb
Yredelemnul
The Shining One

Annotations:
D:3 3 runed translucent doors, liluieth's ghost, weakling DsGl


Innate Abilities, Weirdness & Mutations

You have a beak for a mouth.
You have claws for feet.
You can fly continuously.


Message History

The gnoll shaman is almost dead.
You are feeling hungry.
The gnoll shaman barely misses you.
You riposte.
You closely miss the gnoll shaman. You peck the gnoll shaman.
You kill the gnoll shaman!
Cheibriados appreciates the change of pace.
The gnoll hits you from afar with a +0 halberd!
The gnoll hits you with a +0 whip.
You are too injured to fight recklessly!
You are too injured to fight recklessly!
The gnoll hits you with a +0 whip.
The gnoll hits you from afar with a +0 halberd.
The gnoll hits you but does no damage. You block the gnoll's attack.
The gnoll hits you with a +0 whip. The gnoll completely misses you.
The gnoll hits you from afar with a +0 halberd!
* * * LOW HITPOINT WARNING * * *
There is a stone staircase leading down here.
The gnoll hits you from afar with a +0 halberd!
You die...

###### #....#
##########....####
#@................
#######g##########'#####
#......g...# #.#
#.#####.##.# #.# #..# ..
#.# #..###### #.#
#.......# ##.#
#..####.#.##.#
####..####.#.##.#


You could see 2 gnolls.

Vanquished Creatures
  A scorpion (D:3)
  2 orc priests (D:3)
  A gnoll shaman (D:4)
  An orc wizard (D:3)
  A worker ant (D:4)
  3 gnolls (D:4)
  6 adders
  An ooze (D:1)
  An adder zombie (D:3)
  4 worms
  2 dart slugs
  3 leopard geckos
  2 orcs (D:3)
  5 giant cockroaches
  4 goblins
  6 hobgoblins
  2 jackals (D:2)
  A ball python (D:1)
  11 bats
  5 frilled lizards
  8 kobolds
  6 rats
76 creatures vanquished.

Notes
Turn   | Place    | Note
-------+----------+-------------------------------------------
     0 | D:1      | mopl the Tengu Fighter began the quest for the Orb.
     0 | D:1      | Reached XP level 1. HP: 14/14 MP: 2/2
   187 | D:1      | Reached XP level 2. HP: 19/19 MP: 3/3
   199 | D:1      | Reached skill level 3 in Long Blades
   455 | D:1      | Found a snail-covered altar of Cheibriados.
   477 | D:1      | Became a worshipper of Cheibriados the Contemplative
   501 | D:2      | Reached XP level 3. HP: 21/23 MP: 4/4
   825 | D:2      | Reached * piety under Cheibriados
   846 | D:2      | Reached XP level 4. HP: 18/28 MP: 5/5
  1076 | D:2      | Reached skill level 4 in Long Blades
  1164 | D:2      | Reached skill level 1 in Invocations
  1200 | D:2      | Found a burning altar of Makhleb.
  1541 | D:3      | Gained mutation: You can fly continuously. [Tengu growth]
  1541 | D:3      | Reached XP level 5. HP: 33/33 MP: 5/7
  1551 | D:3      | Reached skill level 4 in Fighting
  1589 | D:3      | Reached ** piety under Cheibriados
  1779 | D:3      | Reached skill level 5 in Long Blades
  1779 | D:3      | Reached skill level 2 in Invocations
  1779 | D:3      | Reached XP level 6. HP: 38/38 MP: 8/8
  1860 | D:3      | Found a runed translucent gate.
  1863 | D:3      | Found a glowing golden altar of the Shining One.
  2242 | D:3      | Found a basalt altar of Yredelemnul.
  2244 | D:3      | Noticed a profane servitor
  2253 | D:3      | Found a runed translucent gate.
  2253 | D:3      | Found an opulent altar of Gozag.
  2254 | D:3      | Found a runed translucent gate.
  2256 | D:3      | Noticed liluieth's ghost (weakling DsGl)
  2314 | D:3      | Noticed an angel
  2444 | D:4      | Slain by a gnoll

Levels and vault maps discovered:
D:1:      scummos_arrival_star, layout_basic, hex_large, cheibriados_altar_1
D:2:      layout_loops_corners, overflow_temple_1_default, first_ration
D:3:      layout_basic, grunt_temple_overflow_holy_war, ebering_ghost_gozag
D:4:      layout_basic, xom_teletrap_fun, overflow_temple_1_default

Skill      XL: |  1  2  3  4  5 |
---------------+----------------+-----
Long Blades    | 3 4 5 |  5.6
Invocations    | 1 2 |  2.4
Fighting       | 4 |  4.4
Armour         | |  3.2
Shields        | |  3.0

Action                   |  1- 3 |  4- 6 || total
-------------------------+-------+-------++-------
Melee: Long sword        |    66 |    77 ||   143
       Kick              |    22 |    32 ||    54
       Peck              |     9 |    19 ||    28
Throw: Dart              |       |     3 ||     3
 Abil: Fly               |       |     1 ||     1
  Use: Scroll            |       |     5 ||     5
  Eat: Chunk             |       |     2 ||     2
Armor: Scale mail        |    34 |    25 ||    59
Dodge: Dodged            |    21 |    22 ||    43
Block: Kite shield       |    32 |    33 ||    65
       Rpst.: Long sword |     5 |     8 ||    13

Table legend:
 A = Non-vault XP
 B = Vault XP
 C = Vault XP percentage of total XP
 D = Non-vault monster count
 E = Vault monster count
 F = Vault count percentage of total count
                 A         B        C        D         E       F
            +---------+---------+-------+---------+---------+-------
      Total |     515 |       0 |   0.0 |      76 |       0 |   0.0
            +---------+---------+-------+---------+---------+-------
        D:1 |      31 |       0 |   0.0 |      15 |       0 |   0.0
        D:2 |      99 |       0 |   0.0 |      32 |       0 |   0.0
        D:3 |     268 |       0 |   0.0 |      23 |       0 |   0.0
        D:4 |     117 |       0 |   0.0 |       6 |       0 |   0.0
            +---------+---------+-------+---------+---------+-------
